 Dungeon Crawl Stone Soup version 0.30-a0-469-g84de5afbc5 (webtiles) character file.

Game seed: 3755760886615443779

1372 cforsyth the Cudgeller (level 8, -4/106 HPs)
             Began as an Armataur Gladiator on Dec 19, 2022.
             Was an Initiate of Okawaru.
             Engulfed by a cloud of steam (8 damage)
             ... on level 5 of the Dungeon.
             The game lasted 00:06:49 (4925 turns).

cforsyth the Cudgeller (Armataur Gladiator)         Turns: 4925, Time: 00:06:50

Health: -4/106     AC: 24    Str: 21    XL:     8   Next: 38%
Magic:  8/8        EV:  1    Int: 10    God:    Okawaru [......]
Gold:   315        SH:  0    Dex: 11    Spells: 7/7 levels left

rFire   . . .      SeeInvis .    p - +0 dire flail
rCold   . . .      Faith    .    (shield currently unavailable)
rNeg    . . .      Spirit   .    (body armour currently unavailable)
rPois   +          Reflect  .    (helmet currently unavailable)
rElec   .          Harm     .    (cloak currently unavailable)
rCorr   .          Roll     +    (gloves currently unavailable)
Will    .....      NoTele   +    (no barding)
Stlth   +.........               (no amulet)
HPRegen 0.37/turn                (no ring)
MPRegen 0.11/turn                (no ring)

@: tree-form
A: stationary, stasis, torment immunity, boosted hp, large, rugged brown scales
3, (deformed body), (armoured tail), roll, long tongue, awkward tongue
a: Renounce Religion


You were on level 5 of the Dungeon.
You worshipped Okawaru.
Okawaru was noncommittal.
You were a tree.
You visited 2 branches of the dungeon, and saw 7 of its levels.

You collected 315 gold pieces.

Inventory:

Hand Weapons
 a - a +0 flail
 p - a +0 dire flail (weapon)
Missiles
 d - 3 throwing nets (quivered)
 e - a javelin
Armour
 b - a +0 leather armour (melded)
 c - a +0 helmet (melded)
 s - a +0 pair of gloves of strength (melded)
 B - a +2 cloak (melded)
Jewellery
 w - an amulet of the acrobat
Wands
 n - a wand of charming (10)
Scrolls
 g - a scroll of fog {unknown}
 h - 2 scrolls of summoning {unknown}
 j - 2 scrolls of enchant armour {unknown}
 k - 6 scrolls of identify {unknown}
 l - 2 scrolls of amnesia {unknown}
 o - a scroll of silence {unknown}
 r - a scroll of vulnerability {unknown}
 u - a scroll of torment {unknown}
 v - 3 scrolls of poison {unknown}
 x - a scroll of fear {unknown}
 y - 3 scrolls of teleportation {unknown}
 z - 2 scrolls of blinking {unknown}
 A - 2 scrolls of magic mapping {unknown}
Potions
 f - 4 potions of lignification
 i - 2 potions of heal wounds {unknown}
 m - a potion of flight {unknown}
 q - a potion of might {unknown}
 t - 2 potions of curing


   Skills:
 + Level 4.9 Fighting
 + Level 5.4 Maces & Flails
 + Level 5.0 Throwing
 + Level 4.4 Dodging


You had 7 spell levels left.
You didn't know any spells.
Your spell library contained the following spells:

 Spells                   Type           Power      Damage    Failure   Level
 Cigotuvi's Dreadful Rot  Necr/Pois/Air  0%         N/A       50%         2
 Gell's Gravitas          Tloc           0%         N/A       75%         3
 Teleport Other           Tloc           0%         N/A       75%         3
 Dispel Undead            Necr           0%         3d6       98%         4
 Manifold Assault         Tloc           0%         N/A       98%         4
 Dispersal                Tloc           0%         N/A       100%        6
 Disjunction              Tloc           0%         N/A       100%        8
 Death Channel            Necr           Unusable   N/A       N/A         6

Dungeon Overview and Level Annotations

Branches:
Dungeon (6/15)             Temple (1/1) D:5

Altars:
Ashenzari
Cheibriados
Dithmenos
Elyvilon
Fedhas
Gozag
Hepliaklqana
Kikubaaqudgha
Makhleb
Nemelex Xobeh
Okawaru
Qazlal
Ru
Sif Muna
Trog
Uskayaw
Vehumet
Wu Jian
Xom
Yredelemnul
Zin
The Shining One

Annotations:
D:6 3 runed translucent doors


Innate Abilities, Weirdness & Mutations

You are a tree.
Your roots penetrate the ground, keeping you stationary.
You cannot be teleported.
You are immune to unholy pain and torment.
Your maximum health is greatly increased.
Your equipment is partially melded.
(You are completely covered in rugged brown scales. (AC +3, +7% HP))
((Armour fits poorly on your strangely shaped body.))
((You have a long armoured tail.))
You roll when moving toward enemies. (Rampage)
Your long tongue fully drains potion bottles. (2x potion effects)
Your tongue gives you trouble enunciating. (1.5x scroll delay)


Message History

You hit the steam dragon.
The steam dragon is almost dead.
The howler monkey hoots and howls with incredible vigour!
The steam dragon bites you but does no damage.
The steam dragon completely misses you.
The howler monkey hits you but does no damage.
You barely miss the steam dragon.
The steam dragon is almost dead.
The steam dragon bites you but does no damage.
The steam dragon claws you.
* * * LOW HITPOINT WARNING * * *
The howler monkey hits you but does no damage.
You hit the steam dragon but do no damage.
The steam dragon is almost dead.
The steam dragon breathes steam at you. The ball of steam hits you!
* * * LOW HITPOINT WARNING * * *
The howler monkey hits you but does no damage.
The steam dragon bites you but does no damage.
The steam dragon claws you but does no damage.
Unknown command.
You closely miss the steam dragon.
The steam dragon is almost dead.
The howler monkey hoots and howls with incredible vigour!
The steam dragon bites you but does no damage.
The steam dragon claws you but does no damage.
The howler monkey hits you but does no damage.
Unknown command.
You sock the steam dragon!
You kill the steam dragon!
Okawaru accepts your kill.
You are engulfed in a cloud of scalding steam.
The howler monkey hits you.
* * * LOW HITPOINT WARNING * * *
Your Throwing skill increases to level 5!
Unknown command.
You barely miss the howler monkey.
The howler monkey is severely wounded.
You are engulfed in a cloud of scalding steam.
You die...

.†.#..# #....### ...#..#
≈≈≈§≈≈..≈§≈≈≈§§ ####.###
##....# §≈≈≈≈⌠..⌠§§≈≈§§
##.#.. ##††..#
≈§≈≈§.§§.§§≈≈≈§ #.....
...#### ≈≈≈≈≈.≈≈.≈§≈≈§§
##...## .....#
≈≈≈≈≈⌠?!⌠≈≈≈§§≈ #....# #..#.#
§≈§≈≈§..≈≈≈≈≈§§ #.>..# ##...#
≈≈≈§≈≈.h§≈≈≈≈≈§ #...##
##...### ≈≈≈≈§§.♣§§≈≈§≈≈
#..## .......#
≈≈≈§§≈§.§§≈≈≈≈# #.## #
.......# #§≈§§≈§.≈§≈≈≈#####.#
###
.......####≈≈≈≈§.§§≈§##.....#
#..
........####§≈≈..≈≈≈###.#.###
#.#
..........#####''#####....#
#.#
......###...........#.>##.#
#.# #######
###............##.# #.#
#.........##.##.#####.#


You could see a howler monkey (catching breath).

Vanquished Creatures
  2 wyverns
  A steam dragon (D:5)
  A black bear (D:4)
  An ice beast (D:6)
  2 ogres
  2 scorpions
  3 hounds (D:5)
  A gnoll bouda (D:6)
  A jelly (D:6)
  An orc priest (D:6)
  2 iguanas
  3 orc wizards
  5 gnolls (D:6)
  5 adders
  3 dart slugs
  12 orcs
  7 endoplasms
  A giant cockroach (D:1)
  6 goblins
  6 hobgoblins
  6 kobolds
  3 quokkas (D:2)
  10 ball pythons
  7 bats
  3 frilled lizards
  4 rats
  A butterfly (D:5)
99 creatures vanquished.

Notes
Turn   | Place    | Note
-------+----------+-------------------------------------------
     0 | D:1      | cforsyth the Armataur Gladiator began the quest for the
                  | Orb.
     0 | D:1      | Reached XP level 1. HP: 18/18 MP: 1/1
   117 | D:1      | Reached XP level 2. HP: 23/25 MP: 2/2
   979 | D:2      | Reached XP level 3. HP: 30/31 MP: 3/3
  1344 | D:2      | Reached XP level 4. HP: 39/39 MP: 4/4
  2267 | D:3      | Reached XP level 5. HP: 47/47 MP: 5/5
  2271 | D:3      | You fall into a shaft and drop 3 floors!
  2273 | D:6      | Noticed an ice beast
  2281 | D:6      | Killed an ice beast
  2387 | D:6      | Found a runed translucent gate.
  2396 | D:6      | Found a runed translucent gate.
  2396 | D:6      | Found a runed translucent gate.
  2487 | D:6      | Reached XP level 6. HP: 49/54 MP: 6/6
  2725 | D:6      | Noticed a wyvern
  2730 | D:6      | Killed a wyvern
  2908 | D:6      | Reached XP level 7. HP: 22/62 MP: 7/7
  3117 | D:5      | Entered Level 5 of the Dungeon
  3159 | D:5      | Found a stormy altar of Qazlal.
  3163 | D:5      | Found a hide-covered altar of Uskayaw.
  3535 | D:4      | Noticed a wyvern
  3545 | D:4      | Killed a wyvern
  3752 | D:4      | Reached skill level 5 in Maces & Flails
  3752 | D:4      | Reached XP level 8. HP: 53/71 MP: 8/8
  4019 | D:5      | Found a staircase to the Ecumenical Temple.
  4038 | Temple   | Entered the Ecumenical Temple
  4448 | Temple   | Became a worshipper of Warmaster Okawaru
  4924 | D:5      | HP: 4/106 [howler monkey (3)]
  4925 | D:5      | Reached skill level 5 in Throwing
  4925 | D:5      | Engulfed by a cloud of steam

Illustrated notes

Levels and vault maps discovered:
D:1:      minmay_arrival_solitary_statue, layout_basic, hangedman_feature_mirror
D:2:      layout_basic
D:3:      layout_basic
D:4:      layout_basic
D:5:      kennysheep_big_flooded_room, layout_basic, grunt_temple_overflow_open,
          minmay_temple_entry_butterflies
D:6:      layout_basic, gammafunk_ghost_cemetery
Temple:   mainiacjoe_temple_big_plus

Skill      XL: |  1  2  3  4  5  6  7  8 |
---------------+-------------------------+-----
Fighting       | 2 3 4 |  4.9
Throwing       | 2 3 4 5 |  5.0
Maces & Flails | 3 4 5 |  5.4
Dodging        | 3 4 |  4.4

Action                   |  1- 3 |  4- 6 |  7- 9 || total
-------------------------+-------+-------+-------++-------
Melee: Flail             |    88 |       |       ||    88
       Tailslap          |     8 |     8 |    13 ||    29
       Dire flail        |    15 |   100 |   134 ||   249
  Use: Potion            |       |       |     2 ||     2
 Stab: Sleeping          |     1 |       |       ||     1
Armor: Leather armour    |    62 |    44 |    38 ||   144
       Skin              |       |       |    39 ||    39
Dodge: Dodged            |    61 |    40 |    66 ||   167

Table legend: (Time is in decaauts)
 A = Elapsed time spent in this place.
 B = Non-inter-level travel time spent in this place.
 C = Inter-level travel time spent in this place.
 D = Time resting spent in this place.
 E = Time spent auto-exploring this place.
 F = Levels seen in this place.
 G = Mean time per level.
                   A        B        C        D        E       F      G
               +--------+--------+--------+--------+--------+-----+--------+
         Total |   4967 |   4880 |     87 |      0 |   4095 |   7 |  709.6 |
       Dungeon |   4534 |   4489 |     45 |      0 |   3710 |   6 |  755.7 |
        Temple |    432 |    391 |     41 |      0 |    385 |   1 |  432.0 |
               +--------+--------+--------+--------+--------+-----+--------+

Top non-repeatable levels by time:
     D:1: 960 daAuts
     D:6: 853 daAuts
     D:4: 844 daAuts
     D:3: 680 daAuts
     D:2: 660 daAuts
     D:5: 535 daAuts
  Temple: 432 daAuts
